 Dungeon Crawl Stone Soup version 0.32-a0-350-g4f4d228785 (webtiles) character file.

Game seed: 13118528032297171989

371 ragingrage the Chopper (level 6, 0/47 (48) HPs)
             Began as a Mountain Dwarf Reaver on Feb 18, 2024.
             Killed from afar by a steam dragon (6 damage)
             ... with a ball of steam
             ... on level 3 of the Dungeon.
             The game lasted 00:03:03 (2574 turns).

ragingrage the Chopper (Mountain Dwarf Reaver)      Turns: 2574, Time: 00:03:04

HP:   0/47 (48)     AC:  6    Str: 17    XL:     6   Next: 42%
MP:   8/8           EV:  9    Int: 19    God:
Gold: 178           SH:  0    Dex:  8    Spells: 5/8 levels left

rFire   + . .        a - +0 hand axe
rCold   . . .        (no shield)
rNeg    . . .        m - +0 scale mail of Generosity {+Blink rF+}
rPois   .            (no helmet)
rElec   .            (no cloak)
rCorr   .            (no gloves)
SInv    .            (no boots)
Will    .....        (no amulet) Stlth
                     l - +6 ring of intelligence
HPRegen 0.27/turn    (no ring)
MPRegen 0.11/turn

%: no passive effects
@: lightly drained
A: runic magic, artefact enchanting
a: Evoke Blink


You were on level 3 of the Dungeon.
You visited 1 branch of the dungeon, and saw 3 of its levels.

You collected 178 gold pieces.

Inventory:

Hand Weapons
 a - a +0 hand axe (weapon)
Missiles
 o - a poisoned dart
Armour
 f - a +0 ring mail
 m - the +0 scale mail of Generosity (worn) {+Blink rF+}
   (You found it on level 3 of the Dungeon)

   rF+:       It protects you from fire.
   +Blink:    It lets you blink.
Jewellery
 j - a ring of ice
 l - a +6 ring of intelligence (left hand)
Wands
 d - a wand of polymorph (5)
Scrolls
 b - a scroll of fear {unknown}
 e - 2 scrolls of teleportation {unknown}
 g - a scroll of enchant armour {unknown}
 i - 3 scrolls of identify {unknown}
 k - a scroll of blinking {unknown}
 n - a scroll of noise {unknown}
Potions
 c - a potion of curing


   Skills:
 - Level 2.1 Fighting
 + Level 7.7 Axes
 - Level 1.3 Dodging
 - Level 2.0 Stealth
 - Level 1.7 Spellcasting
 - Level 2.6 Conjurations
 - Level 2.0 Necromancy


You had 5 spell levels left.
You knew the following spells:

 Your Spells              Type           Power      Damage    Failure   Level
a - Kiss of Death         Conj/Necr      40%        2d8       9%          1
b - Momentum Strike       Conj/Tloc      12%        3d8       21%         2

Your spell library contained the following spells:

 Spells                   Type           Power      Damage    Failure   Level
 Dazzling Flash           Conj/Hex       12%        N/A       38%         3
 Hailstorm                Conj/Ice       6%         3d5       38%         3
 Summon Ice Beast         Ice/Summ       1%         N/A       56%         3
 Volatile Blastmotes      Fire/Tloc      2%         2d10      56%         3
 Sculpt Simulacrum        Ice/Alch       0%         N/A       100%        6
 Starburst                Conj/Fire      3%         6d3       100%        6
 Maxwell's Capacitive Co  Air            0%         ∞         100%        8


Dungeon Overview and Level Annotations

Branches:
Dungeon (3/15)

Altars:

Annotations:
D:3 1 runed translucent door, Crazy Yiuf


Innate Abilities, Weirdness & Mutations

Your spellcasting is much less encumbered by armour.
You can use scrolls of enchantment on lesser artefacts.


Message History

Okay, then.
You hit the steam dragon. The steam dragon closely misses you.
The steam dragon claws you.
You barely miss the steam dragon. The steam dragon bites you.
The steam dragon claws you but does no damage.
You hit the steam dragon. The steam dragon breathes steam at you.
The ball of steam hits you! You resist.
You hear a shout!
Unknown command.
You closely miss the steam dragon. The steam dragon barely misses you.
The steam dragon claws you.
You hit the steam dragon. The steam dragon bites you.
The steam dragon closely misses you.
You closely miss the steam dragon. The steam dragon bites you.
The steam dragon completely misses you.
You closely miss the steam dragon.
You hit the steam dragon but do no damage.
The steam dragon bites you but does no damage.
The steam dragon claws you.
You slash the steam dragon! The steam dragon bites you.
The steam dragon claws you but does no damage.
You hit the steam dragon. The steam dragon closely misses you. x2
You hit the steam dragon. The steam dragon completely misses you.
The steam dragon claws you but does no damage.
You closely miss the steam dragon. The steam dragon bites you.
The steam dragon claws you.
You closely miss the steam dragon. The steam dragon bites you.
The steam dragon misses you.
You hit the steam dragon. The steam dragon bites you!
* * * LOW HITPOINT WARNING * * *
The steam dragon claws you but does no damage.
You barely miss the steam dragon.
The steam dragon bites you but does no damage.
The steam dragon claws you but does no damage.
You hit the steam dragon.
An orc comes into view. It is wielding a +0 falchion.
The steam dragon breathes steam at you. The ball of steam hits you. You resist.
You die...

#....~~.~..~~~~~)..
##~≈≈≈≈≈~≈≈≈≈≈.≈≈≈≈
#~≈♣♣♣≈~≈♣♣♣≈.≈♣♣♣
#.≈♣ ≈~≈♣ ♣≈.≈♣ ♣
#~≈♣♣♣≈.≈♣ ♣≈~≈♣ ♣
#~≈≈≈≈≈.≈≈≈≈≈.≈≈≈≈
#~~.~~.~.~~~~...~~
#~≈≈≈≈≈o≈≈≈≈≈.≈≈≈≈
#@≈♣♣♣≈~≈♣ ♣♣♣ #D≈♣
≈.≈♣ #~≈♣ ~≈♣ #.≈≈
#~... #.≈≈≈≈
#~≈♣♣♣≈ #.≈♣ ≈.


You could see a steam dragon (catching breath) and an orc (wandering).

Vanquished Creatures
  Sigmund (D:3)
  A centaur (D:3)
  2 adders
  2 ribbon worms (D:2)
  A dart slug (D:1)
  6 endoplasms
  3 giant cockroaches
  7 goblins
  8 hobgoblins
  A kobold (D:2)
  4 quokkas
  3 ball pythons
  6 bats
  6 frilled lizards
  6 rats
57 creatures vanquished.

Notes
Turn   | Place    | Note
-------+----------+-------------------------------------------
     0 | D:1      | ragingrage the Mountain Dwarf Reaver began the quest for
                  | the Orb.
     0 | D:1      | Reached XP level 1. HP: 17/17 MP: 3/3
    84 | D:1      | Reached XP level 2. HP: 20/24 MP: 4/4
   138 | D:1      | Reached skill level 1 in Necromancy
   146 | D:1      | Reached skill level 4 in Axes
   320 | D:1      | Reached skill level 1 in Stealth
   401 | D:1      | Reached XP level 3. HP: 26/29 MP: 5/5
  1081 | D:2      | Reached XP level 4. HP: 36/36 MP: 6/6
  1539 | D:2      | Learned a level 2 spell: Momentum Strike
  1587 | D:3      | Identified the +0 scale mail of Generosity {+Blink rF+}
  1789 | D:3      | Reached skill level 5 in Axes
  1906 | D:3      | Noticed Sigmund
  1997 | D:3      | Killed Sigmund
  1998 | D:3      | Reached skill level 7 in Axes
  1998 | D:3      | Reached XP level 5. HP: 21/41 MP: 7/7
  1998 | D:3      | Reached XP level 6. HP: 25/48 MP: 8/8
  2238 | D:3      | Found a runed translucent door.
  2239 | D:3      | Noticed Crazy Yiuf
  2555 | D:3      | Noticed a steam dragon
  2574 | D:3      | Killed from afar by a steam dragon

Illustrated notes

Levels and vault maps discovered:
D:1:      shiori_arrival_elements, layout_basic
D:2:      layout_basic, kennysheep_generic_room_6
D:3:      layout_basic, kennysheep_boxes, uniq_crazy_yiuf_cottage, uniq_sigmund

Skill      XL: |  1  2  3  4 |
---------------+-------------+-----
Necromancy     | 1 2 |  2.0
Axes           | 4 7 |  7.7
Stealth        | 1 2 |  2.0
Fighting       | |  2.1
Dodging        | |  1.3
Spellcasting   | |  1.7
Conjurations   | |  2.6

Action                     |  1- 3 |  4- 6 || total
---------------------------+-------+-------++-------
  Melee: Hand axe          |   117 |    96 ||   213
  Throw: Dart              |       |     8 ||     8
   Cast: Kiss of Death     |       |     2 ||     2
  Evoke: Wand              |       |     2 ||     2
    Use: Potion            |       |     6 ||     6
 Armour: Leather armour    |    46 |       ||    46
         Ring mail         |    55 |    21 ||    76
         Skin              |       |    11 ||    11
         Scale mail        |       |    64 ||    64
  Dodge: Dodged            |    98 |    69 ||   167

Table legend: (Time is in decaauts)
 A = Elapsed time spent in this place.
 B = Non-inter-level travel time spent in this place.
 C = Inter-level travel time spent in this place.
 D = Time resting spent in this place.
 E = Time spent auto-exploring this place.
 F = Levels seen in this place.
 G = Mean time per level.
                   A        B        C        D        E       F      G
               +--------+--------+--------+--------+--------+-----+--------+
         Total |   2595 |   2486 |    109 |    132 |   1775 |   3 |  865.0 |
       Dungeon |   2595 |   2486 |    109 |    132 |   1775 |   3 |  865.0 |
               +--------+--------+--------+--------+--------+-----+--------+

Top non-repeatable levels by time:
     D:2: 937 daAuts
     D:3: 884 daAuts
     D:1: 773 daAuts
